cohdb
Replays
Latest Replays
All Replays
Popular Replays
Top Player Replays
Match Explorer
How It Works
Community
CoH3 Stats
Reddit
Sign in to upload your games and track your stats! →
Sign in with Steam
Match 26297378
Unlisted
Match 26297378
Overview
Messages
Build Orders
End
Construct Section Command Post
Selects Air and Sea Battlegroup
Dingo Light Scout Car
Dingo Light Scout Car
Dingo Light Scout Car
ML 3-inch Mortar Team
Selects Supply Surplus
Vickers Machine Gun Team
Construct Platoon Command Post
Construct Field Infirmary
Unlock M3 Stuart Light Tanks
Infantry Section
6-pounder Anti-tank Gun Team
M3 Stuart Light Tank
Infantry Section
Selects Centaur Medium Tank
Selects Assault Flares
Centaur Medium Tank
Grenade Package
Assault Flares
Aaron
mf ziggy stardoge
오리마늘
[Ace] Mango Rage
Joraad
WTLucian
Kedum
glhf
0
0
Comments
sign in to comment!
No comments posted yet!